 Dungeon Crawl Stone Soup version 0.31-a0-229-g1fc7ce93e2 (webtiles) character file.

Game seed: 11745301997060538469

56 qw the Shooter (level 3, -1/21 HPs)
             Began as a Gargoyle Hexslinger on July 6, 2023.
             Slain by a goblin
             ... wielding a +0 club
             ... led by Robin
              (4 damage)
             ... on level 2 of the Dungeon.
             The game lasted 00:00:29 (1021 turns).

qw the Shooter (Gargoyle Hexslinger)                Turns: 1021, Time: 00:00:30

Health: -1/21      AC:  5    Str: 11    XL:     3   Next: 95%
Magic:  4/4        EV: 12    Int: 13    God:
Gold:   52         SH:  0    Dex: 14    Spells: 3/4 levels left

rFire   . . .        Y - +1 sling
rCold   . . .        (no shield)
rNeg    + . .        c - +0 robe
rPois   inf          (no helmet)
rElec   +            (no cloak)
rCorr   .            (no gloves)
SInv    .            (no boots)
Will    .....        (no amulet)
Stlth   +            (no ring)
HPRegen 0.23/turn    (no ring)
MPRegen 0.09/turn

%: no passive effects
@: no status effects
A: sickness immunity, AC +3, negative energy resistance 1, electricity
resistance, torment resistance 1, petrification resistance
a: no special abilities


You were on level 2 of the Dungeon.
You visited 1 branch of the dungeon, and saw 2 of its levels.

You collected 52 gold pieces.


Innate Abilities, Weirdness & Mutations

You are immune to sickness and miasma.
Your stone body is resilient. (AC +3)
You are immune to poison.
You resist negative energy. (rN+)
You are resistant to electric shocks. (rElec)
You are resistant to unholy torment.
You are immune to petrification.


   Skills:
 - Level 2.0 Fighting
 + Level 3.7 Ranged Weapons
 - Level 1.5 Dodging
 - Level 1.0 Spellcasting
 - Level 2.6 Hexes


You had 3 spell levels left.
You knew the following spells:

 Your Spells              Type           Power      Damage    Failure   Level
a - Slow                  Hex            28%        N/A       10%         1

Your spell library contained the following spells:

 Spells                   Type           Power      Damage    Failure   Level
 Inner Flame              Hex/Fire       4%         N/A       43%         3
 Portal Projectile        Hex/Tloc       8%         N/A       43%         3
 Cause Fear               Hex            3%         N/A       67%         4

Inventory:

Hand Weapons
 Y - a +1 sling (weapon)
Armour
 a - the +0 pair of gloves "Amietzer" {Rampage rC- Str+6 Int+3}
   (You found it on level 2 of the Dungeon)

   Str:       It affects your strength (+6).
   Int:       It affects your intelligence (+3).
   rC:        It makes you vulnerable to cold.
   Rampage:   It bestows one free step when moving towards enemies.
 c - a +0 robe (worn)
 g - a +0 leather armour
 l - a +0 ring mail
Jewellery
 h - a +6 ring of dexterity
 j - an amulet of the acrobat
Scrolls
 b - 2 scrolls of identify
Potions
 d - a potion of might {unknown}
 e - a potion of haste
 f - a potion of attraction {unknown}
 i - a potion of curing {unknown}
 k - 3 potions of heal wounds {unknown}

Dungeon Overview and Level Annotations

Branches:
Dungeon (2/15)

Altars:

Annotations:
D:2 Robin


Message History

A goblin comes into view. It is wielding a +0 club.
The goblin hits you but does no damage.
A goblin comes into view. It is wielding a +0 club.
The goblin moves out of view.
Enter note:
Enter note:
Enter note:
Enter note:
Enter note:
Enter note: You shoot a sling bullet.
The sling bullet closely misses the goblin.
Robin throws the goblin at you!
A hobgoblin comes into view.
The goblin hits you with a +0 dagger of holy wrath.
The goblin barely misses you.
A goblin comes into view. It is wielding a +0 club.
The goblin hits you but does no damage. x2; The goblin barely misses you.
Robin roars a battlecry!
The goblins go into a battle-frenzy!
You shoot a sling bullet. The sling bullet hits the goblin!
You kill the goblin!
A goblin comes into view. It is wielding a +0 club.
The goblin closely misses you. x2
Robin says, "Bow before me, strongest of all the hobgoblins!"
You shoot a sling bullet.
The sling bullet closely misses the goblin.
The goblin hits you with a +0 club. The goblin hits you but does no damage.
The goblin hits you with a +0 club.
You shoot a sling bullet. The sling bullet hits the goblin.
The goblin is moderately wounded.
The goblin hits you with a +0 club. Robin throws the goblin at you!
The goblin hits you but does no damage. The goblin misses you.
You shoot a sling bullet.
The sling bullet barely misses the goblin.
The goblin barely misses you.
The goblin hits you with a +0 dagger of holy wrath.
The goblin hits you with a +0 club. The goblin barely misses you.
The goblin hits you with a +0 club.
You die...

#.#####.##.####[# #.#####.##.#
#.# .. #.##.......# #.# ..#
#.##.##.#### #.###### ..#
#.......# #......# ..# #.......#
######.# ..# ###.#..##.# #.#
..######.......#g# ######.##
...............#@# #.......#
..........%....ggggg...#.####..#
..........##...###g....#.##....#
..######.......# ))...#.......#
#.## ######..# #####.##.##.#
##.# ##>##...# #.......# #.###
#...#...# #.###.#.# ....#
#.7.###### #.###.#.# ..#.#
#...#....#### #.......#


You could see Robin, a hobgoblin (strong) and 5 goblins.

Vanquished Creatures
  2 worms (D:2)
  5 endoplasms
  3 giant cockroaches
  7 goblins
  4 hobgoblins
  4 jackals
  A kobold (D:1)
  3 quokkas
  2 ball pythons
  3 bats (D:1)
  2 frilled lizards (D:2)
  9 rats
45 creatures vanquished.

Notes
Turn   | Place    | Note
-------+----------+-------------------------------------------
     0 | D:1      | qw the Gargoyle Hexslinger began the quest for the Orb.
     0 | D:1      | Reached XP level 1. HP: 12/12 MP: 2/2
     0 | D:1      | 0 ||| qw: Version: 0.3-a-46-gb1f654a
     0 | D:1      | 0 ||| qw: Game counter: 1196
     0 | D:1      | 0 ||| qw: Melee chars always use a shield: true
     0 | D:1      | 0 ||| qw: God list: Okawaru
     0 | D:1      | 0 ||| qw: Allow faded altars: false
     0 | D:1      | 0 ||| qw: Do Orc after clearing Dungeon:15 true
     0 | D:1      | 0 ||| qw: Do second Lair branch before Depths: true
     0 | D:1      | 0 ||| qw: Lair rune preference: random
     0 | D:1      | 0 ||| qw: Goals: Normal
     0 | D:1      | 0 ||| PLANNING D:1-11
   138 | D:1      | Reached XP level 2. HP: 16/16 MP: 3/3
   213 | D:1      | Reached skill level 3 in Ranged Weapons
   565 | D:1      | 565 ||| DROPPING scarf of harm.
   566 | D:1      | 566 ||| READING scroll labelled AGREIC YTYIF.
   567 | D:1      | 567 ||| READING scroll labelled CIHUFOH OHAIH.
   570 | D:1      | 570 ||| READING scroll labelled WEASCH LUIPSEY.
   571 | D:1      | 571 ||| DRINKING 2 fuming dark potions.
   572 | D:1      | 572 ||| DROPPING scroll of poison.
   590 | D:2      | Reached XP level 3. HP: 21/21 MP: 4/4
   673 | D:2      | Identified the +0 pair of gloves "Amietzer" {Rampage rC-
                  | Str+6 Int+3}
  1016 | D:2      | Noticed Robin
  1021 | D:2      | HP: 3/21 [goblin/+0 club[Robin] (6)]
  1021 | D:2      | Slain by a goblin

Levels and vault maps discovered:
D:1:      lemuel_arrival_broad_hall, layout_basic, roderic_lattice_a,
          dreamdust_mushroom_princess
D:2:      layout_loops_cross, grunt_ministairs_5,
          chequers_serial_rivers_micro_b, uniq_robin

Skill      XL: |  1  2 |
---------------+-------+-----
Ranged Weapons | 3 |  3.7
Fighting       | 2 |  2.0
Dodging        | |  1.5
Spellcasting   | |  1.0
Hexes          | |  2.6

Action                     || total
---------------------------++-------
   Fire: Sling             ||   109
    Use: Scroll            ||     3
         Potion            ||     1
 Armour: Robe              ||    20
  Dodge: Dodged            ||    42

Table legend:
 A = Non-vault XP
 B = Vault XP
 C = Vault XP percentage of total XP
 D = Non-vault monster count
 E = Vault monster count
 F = Vault count percentage of total count
                 A         B        C        D         E       F
            +---------+---------+-------+---------+---------+-------
      Total |      69 |      11 |  13.8 |      39 |       6 |  13.3
            +---------+---------+-------+---------+---------+-------
        D:1 |      33 |       0 |   0.0 |      20 |       0 |   0.0
        D:2 |      36 |      11 |  23.4 |      19 |       6 |  24.0
            +---------+---------+-------+---------+---------+-------
